[Event "Titled Tuesday Blitz May 10 Late 2022"]
[White "Andreikin, Dmitry"]
[Black "Fedoseev, Vladimir"]
[WhiteFideId "4158814"]
[BlackFideId "24130737"]
[WhiteElo "2736"]
[BlackElo "2726"]
[Result "1-0"]
[Round "11"]
[TimeControl "180+1"]
[Date "2022.05.10"]
[WhiteClock "0:01:22"]
[BlackClock "0:00:39"]

1. d4 Nf6 2. c4 e6 3. Nf3 d5 4. g3 Be7 5. Bg2 O-O 6. O-O dxc4 7. Qc2 a6 8. a4 Bd7 9. Qxc4 Bc6 10. Bf4 Bd6 11. Qc1 a5 12. Nc3 Bxf4 13. Qxf4 Qd6 14. Nb5 Qxf4 15. gxf4 Na6 16. Rfc1 Rfd8 17. e3 Bxf3 18. Bxf3 c6 19. Na3 Ne8 20. Nc4 Nb4 21. Rc3 Nd6 22. Ne5 f6 23. Nd3 Nxd3 24. Rxd3 Kf7 25. Rb3 Rd7 26. Rc1 Ke7 27. Rc5 Kd8 28. h4 Kc7 29. h5 Nc8 30. Rxb7+ Kxb7 31. Bxc6+ Kb6 32. Bxd7 Ne7 33. Bxe6 Rd8 34. f5 Nc6 35. Rb5+ Kc7 36. Bd5 Nb4 37. Be4 Re8 38. f3 Kd6 39. Rxa5 Rc8 40. Rb5 Nc2 41. Kf2 Na1 42. a5 Rc7 43. a6 1-0


[Site "https://www.chess.com"]

[Event "Titled Tuesday Blitz May 10 Late 2022"]
[White "Barria Zuniga, Daniel"]
[Black "Terry, Renato"]
[WhiteFideId "3400816"]
[BlackFideId "3803457"]
[WhiteElo "2414"]
[BlackElo "2577"]
[Result "0-1"]
[Round "11"]
[TimeControl "180+1"]
[Date "2022.05.10"]
[WhiteClock "0:00:07"]
[BlackClock "0:00:41"]

1. c4 e5 2. g3 Nf6 3. Bg2 c6 4. Nh3 d5 5. cxd5 cxd5 6. d4 exd4 7. O-O Nc6 8. Bg5 Bd6 9. Nd2 h6 10. Bxf6 Qxf6 11. Qb3 Qf5 12. e4 dxe3 13. fxe3 Qh5 14. Nf4 Bxf4 15. exf4 O-O 16. Qxd5 Qxd5 17. Bxd5 Rd8 18. Bxc6 Rxd2 19. Bf3 Rxb2 20. Rfb1 Rxb1+ 21. Rxb1 Kf8 22. Bxb7 Rb8 23. Be4 Rxb1+ 24. Bxb1 Ke7 25. Kf2 Kd6 26. Ke3 Kc5 27. a3 Be6 28. Bd3 Bc4 29. h3 Kb5 30. Bc2 Bf1 31. Bb3 Bxh3 32. Bxf7 Ka4 33. Kd4 Kxa3 34. Ke5 a5 35. Kd6 Kb4 36. Ke7 a4 37. Kf8 g5 38. Kg7 gxf4 39. gxf4 h5 40. Bxh5 Be6 41. Bf7 Bxf7 42. Kxf7 a3 43. f5 a2 44. f6 a1=Q 45. Ke7 Qe5+ 46. Kf7 Kc5 47. Kg6 Qg3+ 48. Kh7 Qh4+ 49. Kg7 Qg5+ 50. Kf7 Kd6 0-1


[Site "https://www.chess.com"]

[Event "Titled Tuesday Blitz May 10 Late 2022"]
[White "Bettalli, Francesco"]
[Black "Arabidze, Meri"]
[WhiteFideId "2816453"]
[BlackFideId "13604040"]
[WhiteElo "2216"]
[BlackElo "2335"]
[Result "0-1"]
[Round "11"]
[TimeControl "180+1"]
[Date "2022.05.10"]
[WhiteClock "0:00:13"]
[BlackClock "0:00:05"]

1. d4 Nf6 2. Nc3 d6 3. e4 e5 4. Nge2 Nc6 5. g3 g6 6. Bg2 Bg7 7. O-O O-O 8. h3 Re8 9. Re1 exd4 10. Nxd4 Nxd4 11. Qxd4 Nxe4 12. Qe3 Nf6 13. Qd2 Rxe1+ 14. Qxe1 c6 15. Bg5 d5 16. Rd1 Bf5 17. g4 Be6 18. Qe3 Qb6 19. Na4 Qxe3 20. Bxe3 Nd7 21. c3 Bf8 22. c4 dxc4 23. f4 Nb6 24. Nc5 Bd5 25. Nxb7 Bxg2 26. Kxg2 Nd5 27. Bd4 Nxf4+ 28. Kf3 Ne6 29. Be5 Bg7 30. Bxg7 Kxg7 31. Na5 c5 32. Nxc4 Nd4+ 33. Ke4 Rd8 34. Ne3 Re8+ 35. Kd3 f5 36. gxf5 gxf5 37. Rf1 Kf6 38. Nd5+ Kg6 39. Rg1+ Kf7 40. Kc4 Nf3 41. Rd1 Re2 42. Kxc5 Rxb2 43. Rf1 Nh4 44. a4 Rb3 45. a5 Rxh3 46. a6 Ra3 47. Nc7 Rc3+ 48. Kd6 Kg6 49. Nb5 Rd3+ 50. Kc6 Kg5 51. Nxa7 Rc3+ 52. Kb7 Rb3+ 53. Kc7 Ra3 54. Kb6 f4 55. Nb5 Ra2 56. a7 f3 57. Nd4 Kg4 58. Rh1 f2 59. Nc2 Rb2+ 60. Ka6 Rxc2 61. Ra1 Rc8 62. Kb7 Rf8 63. Rc1 Rf7+ 64. Rc7 Rxc7+ 65. Kxc7 f1=Q 66. a8=Q Qf4+ 67. Kd7 Qf5+ 68. Kd6 Ng6 69. Qg8 Qf4+ 70. Kd7 Qf5+ 71. Kd6 h5 72. Qg7 Qe5+ 73. Qxe5 Nxe5 74. Kxe5 h4 75. Ke4 h3 76. Ke3 Kg3 77. Ke2 Kg2 0-1


[Site "https://www.chess.com"]

[Event "Titled Tuesday Blitz May 10 Late 2022"]
[White "Bluebaum, Matthias"]
[Black "Shimanov, Aleksandr"]
[WhiteFideId "24651516"]
[BlackFideId "4198603"]
[WhiteElo "2556"]
[BlackElo "2605"]
[Result "0-1"]
[Round "11"]
[TimeControl "180+1"]
[Date "2022.05.10"]
[WhiteClock "0:00:11"]
[BlackClock "0:00:10"]

1. d4 b6 2. c4 Bb7 3. Nc3 Nf6 4. Qc2 g6 5. e4 d6 6. Nf3 Bg7 7. Be2 O-O 8. O-O e6 9. Be3 Nbd7 10. Rad1 h6 11. h3 Qe7 12. Rfe1 a6 13. e5 dxe5 14. dxe5 Nh7 15. Bf4 Rfd8 16. Ne4 Nc5 17. Nxc5 Qxc5 18. Qc1 h5 19. Be3 Qe7 20. Bf4 Rxd1 21. Rxd1 Rd8 22. Rxd8+ Qxd8 23. c5 Qd7 24. cxb6 cxb6 25. Qe3 b5 26. Kh2 Nf8 27. Ng5 Qc7 28. Bg3 h4 29. Bf4 Nd7 30. Bf3 Bxe5 31. Bxe5 Nxe5 32. Kh1 Nxf3 33. Nxf3 Bxf3 34. gxf3 Qc4 35. b3 Qc2 36. a3 a5 37. Kg2 a4 38. bxa4 bxa4 39. Qd4 Qb3 40. Qd8+ Kg7 41. Qd4+ f6 42. Qd7+ Kh6 43. Qd2+ Kh5 44. Qd8 Kg5 45. Qd2+ Kf5 46. Qa5+ e5 47. Qa8 Qxa3 48. Qc8+ Kg5 49. Qg4+ Kh6 50. Qxh4+ Kg7 51. Qc4 Qb3 52. Qc7+ Qf7 53. Qa5 Qd7 54. h4 Qd4 55. Qc7+ Kh6 56. Qb8 Qxh4 57. Qf8+ Kg5 58. Qc5 Qd4 59. Qf8 Qa7 60. Kg3 a3 61. Qd6 Qa4 62. Qd2+ Qf4+ 63. Qxf4+ exf4+ 64. Kg2 a2 65. Kh3 a1=Q 66. Kg2 Qe1 67. Kh3 Qe2 68. Kg2 Kh4 69. Kh2 Qxf2+ 70. Kh1 Qxf3+ 71. Kh2 Qg3+ 72. Kh1 Qe3 73. Kh2 f3 74. Kh1 Qe1+ 75. Kh2 Qf2+ 76. Kh1 Qg2# 0-1


[Site "https://www.chess.com"]

[Event "Titled Tuesday Blitz May 10 Late 2022"]
[White "Bongo Akanga Ndjila, Barthelemy"]
[Black "Antonova, Nadezhda"]
[WhiteFideId "10609431"]
[BlackFideId "14700182"]
[WhiteElo "1768"]
[BlackElo "1743"]
[Result "0-1"]
[Round "11"]
[TimeControl "180+1"]
[Date "2022.05.11"]
[WhiteClock "0:01:47"]
[BlackClock "0:02:03"]

1. d4 Nf6 2. c4 g6 3. Nc3 Bg7 4. e4 d6 5. h3 O-O 6. Be3 Na6 7. g4 c5 8. d5 e6 9. Nge2 exd5 10. cxd5 Re8 11. Ng3 Qa5 12. Qd2 Rb8 13. Bb5 Bd7 14. Bxd7 Nxd7 15. Bh6 Ne5 16. O-O-O Nc4 17. Qf4 Bxc3 0-1


[Site "https://www.chess.com"]

[Event "Titled Tuesday Blitz May 10 Late 2022"]
[White "Bortnyk, Olexandr"]
[Black "Paravyan, David"]
[WhiteFideId "14120828"]
[BlackFideId "4194985"]
[WhiteElo "2723"]
[BlackElo "2569"]
[Result "0-1"]
[Round "11"]
[TimeControl "180+1"]
[Date "2022.05.10"]
[WhiteClock "0:00:05"]
[BlackClock "0:00:08"]

1. d4 Nf6 2. Nc3 d5 3. Bf4 g6 4. e3 Bg7 5. h4 h5 6. Nb5 Na6 7. Nf3 O-O 8. Be2 c6 9. Nc3 Bf5 10. a3 Nc7 11. Ng5 Nce8 12. Bd3 Bxd3 13. Qxd3 Nd6 14. f3 Qd7 15. O-O Rac8 16. Rae1 c5 17. dxc5 Rxc5 18. b4 Rcc8 19. Nxd5 Nxd5 20. Qxd5 Rxc2 21. Rd1 Qa4 22. Bxd6 exd6 23. Rd3 Qc6 24. Qxc6 bxc6 25. Rxd6 Rc3 26. a4 Be5 27. Rd7 Rxe3 28. Rb1 Rc3 29. Ne4 Rc4 30. Kf1 Rb8 31. Rxa7 Rbxb4 32. Rxb4 Rxb4 33. a5 Ra4 34. a6 Ra5 35. Ke2 Bd4 36. Rd7 Bb6 37. Ng5 Rxa6 38. Nxf7 Ra2+ 39. Kd3 Rxg2 40. Ng5 Bf2 41. Ne6 Bxh4 42. Rg7+ Kh8 43. Rc7 Bf6 44. Rxc6 Rf2 45. Ke3 Ra2 46. Nf8 Kg7 47. Ne6+ Kf7 48. Nc5 Ra3+ 49. Ke4 Rc3 50. Kd5 Be7 51. Ne4 Rxf3 52. Rc7 Rf5+ 53. Kd4 Ke6 54. Rc6+ Kf7 55. Rc7 Ra5 56. Ke3 g5 57. Rb7 Ke6 58. Rb6+ Kf5 59. Rb7 Bc5+ 60. Nxc5 Rxc5 61. Rf7+ Kg4 62. Rd7 Rf5 63. Rd4+ Rf4 64. Rd1 h4 65. Rg1+ Kh5 66. Rb1 Rf6 67. Rb8 Kg4 68. Rb4+ Kg3 69. Rb6 Rxb6 0-1


[Site "https://www.chess.com"]

[Event "Titled Tuesday Blitz May 10 Late 2022"]
[White "Can, Melih Kaan"]
[Black "Rorrer, Grayson"]
[WhiteFideId "6317383"]
[BlackFideId "30944996"]
[WhiteElo "2049"]
[BlackElo "2122"]
[Result "1-0"]
[Round "11"]
[TimeControl "180+1"]
[Date "2022.05.10"]
[WhiteClock "0:00:30"]
[BlackClock "0:00:33"]

1. e4 c5 2. Nf3 d6 3. c3 Nf6 4. h3 g6 5. Bd3 Bg7 6. Bc2 e5 7. O-O O-O 8. d4 exd4 9. cxd4 cxd4 10. Nxd4 Re8 11. Nc3 Nc6 12. Ndb5 Bf8 13. Bg5 Re5 14. f4 Rc5 15. Nd5 Bg7 16. Nxd6 Rxd5 17. exd5 Qxd6 18. dxc6 Qc5+ 19. Kh1 Be6 20. cxb7 Rb8 21. Bb3 Bf5 22. Rc1 Qb6 23. Qf3 Ne4 24. Qxe4 Bxe4 25. Rc8+ Bf8 26. Rxb8 Qc7 27. Rd8 Bxb7 28. Rfd1 Qc6 29. Bd5 1-0


[Site "https://www.chess.com"]

[Event "Titled Tuesday Blitz May 10 Late 2022"]
[White "Carrasco Miranda, Andres"]
[Black "Ardila, Oscar Humberto"]
[WhiteFideId "3405990"]
[BlackFideId "4404742"]
[WhiteElo "2177"]
[BlackElo "1928"]
[Result "0-1"]
[Round "11"]
[TimeControl "180+1"]
[Date "2022.05.11"]
[WhiteClock "0:00:07"]
[BlackClock "0:00:40"]

1. d4 Nf6 2. c4 e6 3. g3 Bb4+ 4. Nc3 O-O 5. Bg2 d6 6. Nf3 Bxc3+ 7. bxc3 Nbd7 8. O-O c5 9. Nd2 Qc7 10. Rb1 Rb8 11. e3 b6 12. Qa4 e5 13. Rd1 Rd8 14. Bb2 Nf8 15. Qc6 Qxc6 16. Bxc6 Bg4 17. f3 Bf5 18. e4 Bg6 19. Nf1 Ne6 20. Ne3 Rbc8 21. d5 Nf8 22. a4 a5 23. Bc1 Rb8 24. Nc2 N6d7 25. Na3 f5 26. Bg5 Nf6 27. Bxf6 gxf6 28. exf5 Bxf5 29. Nb5 Bxb1 30. Rxb1 Kf7 31. Na7 Ng6 32. Bb5 Rb7 33. Nc6 Ra8 34. Kf2 f5 35. h4 h5 36. Re1 Kf6 37. f4 e4 38. Ke3 Rg8 39. Rg1 Ne7 40. Nxe7 Rxe7 41. Bc6 Reg7 42. Kf2 e3+ 43. Kf3 e2 44. Kxe2 Rxg3 45. Rxg3 Rxg3 46. Be8 Rxc3 47. Bxh5 Rxc4 48. Bf3 Rxf4 49. h5 Rxa4 0-1


[Site "https://www.chess.com"]

[Event "Titled Tuesday Blitz May 10 Late 2022"]
[White "Cilek, Bora"]
[Black "Kujawski, Adam"]
[WhiteFideId "34502165"]
[BlackFideId "1100920"]
[WhiteElo "2429"]
[BlackElo "1982"]
[Result "1-0"]
[Round "11"]
[TimeControl "180+1"]
[Date "2022.05.11"]
[WhiteClock "0:01:16"]
[BlackClock "0:01:27"]

1. Nf3 d5 2. g3 Nc6 3. d4 Bf5 4. Bg2 Nb4 5. Na3 e6 6. O-O Nf6 7. c3 Na6 8. Nc2 Be7 9. Nh4 Be4 10. f3 Bxc2 11. Qxc2 O-O 12. e4 c5 13. Rd1 cxd4 14. cxd4 Rc8 15. Qf2 Nh5 16. e5 Bxh4 17. gxh4 f6 18. Bh3 Qb6 19. Bg4 g6 20. Bxh5 gxh5 21. Bh6 fxe5 22. Qg3+ 1-0


[Site "https://www.chess.com"]

[Event "Titled Tuesday Blitz May 10 Late 2022"]
[White "D`Arruda, Ricardo D."]
[Black "Kanyamarala, Trisha"]
[WhiteFideId "100692"]
[BlackFideId "45004722"]
[WhiteElo "2432"]
[BlackElo "2134"]
[Result "1-0"]
[Round "11"]
[TimeControl "180+1"]
[Date "2022.05.11"]
[WhiteClock "0:01:38"]
[BlackClock "0:00:11"]

1. Nf3 d5 2. d4 e6 3. c4 Nf6 4. Nc3 Be7 5. cxd5 exd5 6. Bf4 c6 7. e3 O-O 8. Bd3 Nbd7 9. Qc2 Re8 10. O-O-O Nf8 11. Ne5 a5 12. f3 Ne6 13. Bg3 c5 14. dxc5 Nxc5 15. Bb5 Bd7 16. Nxd7 Ncxd7 17. Kb1 Rc8 18. Qd2 Qb6 19. Bxd7 Nxd7 20. Nxd5 Qg6+ 21. e4 Bg5 22. Bf4 Bxf4 23. Nxf4 Qh6 24. Nd5 Qg6 25. h4 Ne5 26. h5 Qc6 27. h6 Nc4 28. Qd4 Re5 29. Qxe5 Nxe5 30. Ne7+ Kf8 31. Nxc6 Rxc6 32. hxg7+ Kxg7 33. Rd5 Nc4 34. b3 Na3+ 35. Kb2 Nc2 36. Rc1 Nb4 37. Rxc6 bxc6 38. Rxa5 1-0


[Site "https://www.chess.com"]

[Event "Titled Tuesday Blitz May 10 Late 2022"]
[White "Daggupati, Balaji"]
[Black "Perez Molina, Robinson"]
[WhiteFideId "2090759"]
[BlackFideId "3403882"]
[WhiteElo "2648"]
[BlackElo "2252"]
[Result "1/2-1/2"]
[Round "11"]
[TimeControl "180+1"]
[Date "2022.05.10"]
[WhiteClock "0:00:15"]
[BlackClock "0:00:04"]

1. e4 e5 2. Nf3 Nc6 3. Bb5 a6 4. Ba4 Nf6 5. d4 exd4 6. O-O Be7 7. Re1 d6 8. Nxd4 Bd7 9. Nxc6 Bxc6 10. Bxc6+ bxc6 11. c4 O-O 12. Nc3 Re8 13. f4 Bf8 14. Qf3 Rb8 15. b3 Qd7 16. Bb2 Qg4 17. Qf2 Qg6 18. Qd4 c5 19. Qd3 Re7 20. Re2 Rbe8 21. Rae1 Qg4 22. Rf1 Qd7 23. Qf3 Qc6 24. Rfe1 Qb7 25. g4 c6 26. g5 Nd7 27. Nd1 d5 28. exd5 Rxe2 29. Rxe2 Rxe2 30. Qxe2 cxd5 31. Qf3 Qb4 32. Bc3 Qb7 33. Ne3 Nb6 34. Ba5 Bd6 35. Bxb6 Qxb6 36. Nxd5 Qa5 37. Qe2 Kf8 38. Kg2 h6 39. gxh6 gxh6 40. Kf3 Qd8 41. Qe4 Qh4 42. Qf5 Qxh2 43. Nf6 Qh1+ 44. Ke3 Qc1+ 45. Kf3 Qf1+ 46. Kg4 Qg2+ 47. Kh4 Qh2+ 48. Kg4 Qg2+ 49. Kh5 Qh2+ 50. Kg4 Qg2+ 1/2-1/2


[Site "https://www.chess.com"]

[Event "Titled Tuesday Blitz May 10 Late 2022"]
[White "Demchenko, Anton"]
[Black "Hansen, Eric"]
[WhiteFideId "4160258"]
[BlackFideId "2606771"]
[WhiteElo "2539"]
[BlackElo "2568"]
[Result "0-1"]
[Round "11"]
[TimeControl "180+1"]
[Date "2022.05.10"]
[WhiteClock "0:00:02"]
[BlackClock "0:00:03"]

1. e4 c5 2. Nf3 e6 3. g3 Nc6 4. Bg2 e5 5. O-O Nf6 6. d3 Be7 7. Nbd2 O-O 8. Nc4 d6 9. a4 Re8 10. Kh1 Bf8 11. Bg5 h6 12. Bxf6 Qxf6 13. c3 Be6 14. Ne3 Qd8 15. Nd2 a6 16. f4 b5 17. f5 Bd7 18. Nd5 Ne7 19. f6 Nxd5 20. exd5 g6 21. Be4 Kh7 22. Qh5 Qc8 23. axb5 Kh8 24. Qe2 axb5 25. Qf2 Kh7 26. h4 Bg4 27. Kh2 Qd7 28. Nf3 Kg8 29. Kg1 Ra4 30. b3 Raa8 31. Nh2 Bh3 32. Rfe1 b4 33. c4 Ra3 34. Rab1 Rea8 35. Rb2 Ra1 36. Re2 R8a3 37. Qf3 Rxe1+ 38. Rxe1 h5 39. Rb1 Bh6 40. Qf2 Qa7 41. Nf3 Ra1 42. Qb2 Ra2 43. Ng5 Rxb2 44. Rxb2 Qa1+ 0-1


[Site "https://www.chess.com"]

[Event "Titled Tuesday Blitz May 10 Late 2022"]
[White "Derraugh, Geordie"]
[Black "Romanchuk, Viktor"]
[WhiteFideId "2603950"]
[BlackFideId "14109271"]
[WhiteElo "2116"]
[BlackElo "2242"]
[Result "1-0"]
[Round "11"]
[TimeControl "180+1"]
[Date "2022.05.11"]
[WhiteClock "0:00:29"]
[BlackClock "0:00:30"]

1. e4 e6 2. d4 d5 3. Nd2 dxe4 4. Nxe4 Nd7 5. Nf3 Ngf6 6. Bd3 c5 7. dxc5 Nxe4 8. Bxe4 Nxc5 9. Qxd8+ Kxd8 10. Nd2 Nxe4 11. Nxe4 f6 12. Be3 b6 13. O-O-O+ Kc7 14. Nc3 Bd7 15. Bf4+ e5 16. Nd5+ Kc8 17. Be3 Bc6 18. Rd2 Kb7 19. Rhd1 Rd8 20. f3 h5 21. c4 Rd7 22. Kc2 Ba4+ 23. b3 Bc6 24. Kc3 h4 25. b4 b5 26. a4 bxc4 27. b5 Bxd5 28. Rxd5 Rc7 29. Rd8 g6 30. a5 a6 31. Bb6 Bb4+ 32. Kxb4 Rxd8 33. Rxd8 c3 34. Rd1 c2 35. Rc1 Rc8 36. bxa6+ Kxa6 37. Kb3 1-0


[Site "https://www.chess.com"]

[Event "Titled Tuesday Blitz May 10 Late 2022"]
[White "Dilmukhametov, Artur"]
[Black "Jakubowski, Krzysztof"]
[WhiteFideId "24179922"]
[BlackFideId "1112848"]
[WhiteElo "2206"]
[BlackElo "2365"]
[Result "0-1"]
[Round "11"]
[TimeControl "180+1"]
[Date "2022.05.10"]
[WhiteClock "0:00:06"]
[BlackClock "0:00:02"]

1. e4 c5 2. Nf3 e6 3. c3 Nf6 4. e5 Nd5 5. d4 cxd4 6. cxd4 d6 7. Bc4 Nb6 8. Bd3 Nc6 9. O-O Nb4 10. Bb5+ Bd7 11. Qe2 d5 12. Nc3 Be7 13. a3 Bxb5 14. Nxb5 Nc6 15. Be3 a6 16. Nc3 Nc4 17. b3 Nxe3 18. fxe3 O-O 19. b4 b5 20. e4 dxe4 21. Qxe4 Rc8 22. Rac1 Qd7 23. d5 exd5 24. Nxd5 Bd8 25. Rfd1 Qa7+ 26. Kh1 Re8 27. Qg4 Qb7 28. Nf6+ Bxf6 29. exf6 g6 30. Qh4 Nd8 31. Ng5 h5 32. Nf3 Rxc1 33. Rxc1 Qd7 34. h3 Ne6 35. Qf2 Qd5 36. Re1 Qf5 37. Qh4 Rd8 38. Ne5 Rd5 39. Nc6 Kh7 40. Ne7 Qg5 41. Qf2 Re5 42. Rd1 Nf4 43. Rf1 Nd5 44. Qa7 Nxf6 45. Nc6 Rf5 46. Qxf7+ Kh6 47. Rxf5 Qxf5 48. Ne7 Qf1+ 49. Kh2 Qf4+ 50. Kg1 Qe3+ 51. Kf1 Qd3+ 52. Ke1 Qe4+ 53. Kf2 Qf4+ 54. Ke2 Qe4+ 55. Kd2 Qxg2+ 56. Kd3 Qxh3+ 57. Kd4 Qd7+ 58. Ke5 Ng4+ 59. Kf4 Qd4+ 60. Kf3 Qd1+ 61. Kg2 Qd2+ 62. Kg3 Qe1+ 63. Kg2 Qe4+ 64. Kg1 Qd4+ 65. Kf1 Qc4+ 66. Ke1 Qxf7 0-1


[Site "https://www.chess.com"]

[Event "Titled Tuesday Blitz May 10 Late 2022"]
[White "Dubov, Daniil"]
[Black "Melkumyan, Hrant"]
[WhiteFideId "24126055"]
[BlackFideId "13302485"]
[WhiteElo "2791"]
[BlackElo "2604"]
[Result "1-0"]
[Round "11"]
[TimeControl "180+1"]
[Date "2022.05.10"]
[WhiteClock "0:02:24"]
[BlackClock "0:00:20"]

1. e4 c6 2. d4 d5 3. e5 Bf5 4. Nf3 e6 5. Be2 Ne7 6. O-O Bg6 7. c4 Nd7 8. Nc3 dxc4 9. Bxc4 Nb6 10. Be2 Ned5 11. h3 Be7 12. Bd3 Bxd3 13. Qxd3 O-O 14. Re1 a5 15. Ne4 a4 16. Neg5 g6 17. Qe4 Kg7 18. Qh4 Rh8 19. Qg4 h6 20. Ne4 Nd7 21. Bd2 Qb6 22. h4 h5 23. Qg3 Qxb2 24. Rab1 Qxa2 25. Rxb7 Rad8 26. Bg5 Qa3 27. Nd6 Bxd6 28. exd6 N5f6 29. Bxf6+ Kxf6 30. Rxd7 Kg7 1-0


[Site "https://www.chess.com"]

[Event "Titled Tuesday Blitz May 10 Late 2022"]
[White "Gomez Dieguez, David"]
[Black "Kate1606"]
[WhiteFideId "22223630"]
[WhiteElo "2115"]
[BlackElo "2045"]
[Result "1-0"]
[Round "11"]
[TimeControl "180+1"]
[Date "2022.05.11"]
[WhiteClock "0:00:17"]
[BlackClock "0:00:01"]

1. c4 e5 2. Nc3 Bb4 3. Nd5 Ba5 4. b4 Bb6 5. c5 c6 6. Ne3 Bc7 7. Bb2 d6 8. d4 exd4 9. Qxd4 Nf6 10. Qh4 Nbd7 11. Nf5 dxc5 12. Nxg7+ Kf8 13. Nf5 Be5 14. Qh6+ Ke8 15. Bxe5 Nxe5 16. Rd1 Bxf5 17. Rxd8+ Rxd8 18. Qxf6 Bc2 19. Qxh8+ Ke7 20. Qxe5+ Kf8 21. Qh8+ Ke7 22. Qxd8+ Kxd8 23. Nf3 cxb4 24. e3 a5 25. Kd2 Ba4 26. Bd3 b5 27. Ne5 c5 28. Bxh7 c4 29. Rc1 b3 30. axb3 Bxb3 31. Nc6+ Kc8 32. Nxa5 1-0


[Site "https://www.chess.com"]

[Event "Titled Tuesday Blitz May 10 Late 2022"]
[White "Gomez Ledo, Roberto Carlos"]
[Black "Koziorowicz, Michal"]
[WhiteFideId "3507076"]
[BlackFideId "21809194"]
[WhiteElo "2379"]
[BlackElo "2219"]
[Result "1-0"]
[Round "11"]
[TimeControl "180+1"]
[Date "2022.05.10"]
[WhiteClock "0:01:22"]
[BlackClock "0:01:06"]

1. d4 f5 2. Bf4 Nf6 3. e3 e6 4. h3 Be7 5. g4 O-O 6. Nc3 d6 7. gxf5 exf5 8. Nf3 Ne4 9. Bc4+ Kh8 10. h4 c6 11. Nxe4 fxe4 12. Ng5 Bxg5 13. hxg5 Bf5 14. Qh5 Qe8 15. Bxd6 Qxh5 16. Rxh5 Rd8 17. Bf4 Nd7 18. Rh4 Nb6 19. Bb3 a5 20. a3 a4 21. Ba2 g6 22. O-O-O Rd7 23. f3 exf3 24. e4 Kg7 25. Be5+ Kf8 26. exf5 gxf5 27. Rf4 1-0


[Site "https://www.chess.com"]

[Event "Titled Tuesday Blitz May 10 Late 2022"]
[White "Gurevich, Dmitry"]
[Black "Tomaszewski, Kacper"]
[WhiteFideId "2000407"]
[BlackFideId "1127373"]
[WhiteElo "2506"]
[BlackElo "2153"]
[Result "1/2-1/2"]
[Round "11"]
[TimeControl "180+1"]
[Date "2022.05.11"]
[WhiteClock "0:00:33"]
[BlackClock "0:00:26"]

1. d4 d5 2. c4 e6 3. Nc3 Nf6 4. Nf3 c5 5. cxd5 Nxd5 6. e4 Nxc3 7. bxc3 cxd4 8. cxd4 Bb4+ 9. Bd2 Bxd2+ 10. Qxd2 O-O 11. Bc4 Nd7 12. O-O b6 13. Rad1 Bb7 14. Rfe1 Rc8 15. Bd3 h6 16. a4 Qc7 17. a5 Qc3 18. axb6 Qxd2 19. Rxd2 axb6 20. Rb2 Rc3 21. Bb1 Rfc8 22. h3 Rc1 23. Rxc1 Rxc1+ 24. Kh2 Nf6 25. d5 exd5 26. Rxb6 Rc7 27. e5 Ne4 28. Rb2 g6 29. Nd4 Nc3 30. Bd3 Na4 31. Rb4 Nc5 32. Bb1 Bc8 33. f4 Ne6 34. Nxe6 Bxe6 35. g4 Rc4 36. Rb8+ Rc8 37. Rxc8+ Bxc8 38. Kg3 Kf8 39. Kf3 Ke7 40. Ke3 h5 41. gxh5 gxh5 42. f5 f6 43. e6 Bxe6 44. fxe6 Kxe6 45. Kf4 d4 46. Bd3 Kf7 47. Kf5 Kg7 48. Ke6 h4 49. Bf5 Kh8 50. Kf7 d3 51. Bxd3 f5 52. Bxf5 1/2-1/2


[Site "https://www.chess.com"]

[Event "Titled Tuesday Blitz May 10 Late 2022"]
[White "Guz, Ari"]
[Black "Ramirez Vido, Robert Yorisan"]
[WhiteFideId "2825759"]
[BlackFideId "3513823"]
[WhiteElo "1913"]
[BlackElo "2359"]
[Result "1-0"]
[Round "11"]
[TimeControl "180+1"]
[Date "2022.05.11"]
[WhiteClock "0:01:14"]
[BlackClock "0:02:01"]

1. e4 d6 2. Nf3 Nf6 3. Nc3 g6 4. d4 Bg7 5. h3 c6 6. Be3 Qa5 7. Qd2 b5 8. Bd3 b4 9. Ne2 O-O 10. O-O Ba6 11. a3 c5 12. axb4 Qb6 13. bxc5 dxc5 14. dxc5 Qc6 15. Ned4 Qc8 16. b4 Bb7 17. e5 Nd5 18. Bh6 Nc6 19. Bxg7 Kxg7 20. Nxc6 Qxc6 21. Be4 Qe6 22. c4 1-0


[Site "https://www.chess.com"]

[Event "Titled Tuesday Blitz May 10 Late 2022"]
[White "Hakobyan, Aram"]
[Black "Sjugirov, Sanan"]
[WhiteFideId "13306677"]
[BlackFideId "4189302"]
[WhiteElo "2557"]
[BlackElo "2602"]
[Result "0-1"]
[Round "11"]
[TimeControl "180+1"]
[Date "2022.05.10"]
[WhiteClock "0:00:02"]
[BlackClock "0:00:12"]

1. d4 Nf6 2. c4 e6 3. a3 b6 4. Nc3 Bb7 5. d5 Bd6 6. Nf3 O-O 7. e4 exd5 8. exd5 c6 9. Be2 cxd5 10. cxd5 h6 11. O-O Re8 12. Nd4 Na6 13. Nf5 Be5 14. Bf3 Nc5 15. Re1 d6 16. Be3 Qd7 17. Qc2 Bxc3 18. bxc3 Nce4 19. Ng3 Nxg3 20. hxg3 Bxd5 21. Be2 Bb7 22. Bf1 Rac8 23. Bd4 Ne4 24. a4 Nc5 25. Rxe8+ Rxe8 26. a5 b5 27. a6 Nxa6 28. Qb1 Nc7 29. Rxa7 Qc6 30. c4 b4 31. Qxb4 Ne6 32. Bxg7 Kxg7 33. Rxb7 Qc5 34. Qc3+ Qd4 35. Qxd4+ Nxd4 36. f3 Ra8 37. Rd7 Nf5 38. g4 Ne3 39. Bd3 Ra6 40. c5 Ra1+ 41. Kf2 Nd1+ 42. Kg3 dxc5 43. Bc4 Ne3 44. Bxf7 Kf6 45. f4 Ra3 46. Kf3 Nf5+ 47. Ke4 Ng3+ 48. Kd5 Rd3+ 49. Kc6 Rxd7 50. Kxd7 Kxf7 0-1


[Site "https://www.chess.com"]

[Event "Titled Tuesday Blitz May 10 Late 2022"]
[White "Hardaway, Brewington"]
[Black "Rosen, Eric"]
[WhiteFideId "30941849"]
[BlackFideId "2032562"]
[WhiteElo "1768"]
[BlackElo "2362"]
[Result "0-1"]
[Round "11"]
[TimeControl "180+1"]
[Date "2022.05.10"]
[WhiteClock "0:00:01"]
[BlackClock "0:00:12"]

1. e4 c5 2. Nf3 Nc6 3. d4 cxd4 4. Nxd4 g6 5. Be3 Bg7 6. Nc3 Nf6 7. Be2 O-O 8. O-O d5 9. Nxc6 bxc6 10. e5 Nd7 11. f4 e6 12. Bg4 c5 13. Nb5 Ba6 14. Be2 Qb6 15. a4 Rab8 16. b3 Rfd8 17. h4 Bb7 18. h5 d4 19. Bd2 c4 20. Kh2 d3 21. cxd3 cxd3 22. Bf3 a6 23. Nd6 Nxe5 24. Nxb7 Nxf3+ 25. Qxf3 Rxb7 26. hxg6 hxg6 27. Rab1 Rd5 28. g4 Rc7 29. Rf2 Qd6 30. b4 Bd4 31. Rg2 Kg7 32. b5 axb5 33. axb5 Rc8 34. Kg3 Rh8 35. Qe4 Bf6 36. b6 Rd4 37. Qe3 Qd5 38. g5 Be7 39. b7 Bd6 40. Qf3 Qxg5+ 41. Kf2 Qc5 0-1


[Site "https://www.chess.com"]

[Event "Titled Tuesday Blitz May 10 Late 2022"]
[White "Hnydiuk, Aleksander"]
[Black "Postny, Evgeny"]
[WhiteFideId "1109057"]
[BlackFideId "2804344"]
[WhiteElo "2374"]
[BlackElo "2500"]
[Result "0-1"]
[Round "11"]
[TimeControl "180+1"]
[Date "2022.05.10"]
[WhiteClock "0:00:08"]
[BlackClock "0:00:09"]

1. c4 f5 2. d4 e6 3. g3 Nf6 4. Bg2 Be7 5. Nf3 O-O 6. O-O d6 7. Nc3 Qe8 8. Re1 Nc6 9. d5 exd5 10. cxd5 Ne5 11. Nd4 Kh8 12. Qc2 g6 13. Ncb5 Qf7 14. Nxc7 Rb8 15. Nce6 Rg8 16. Bg5 Bd7 17. Rac1 Rgc8 18. Qb3 Ne4 19. Bxe7 Qxe7 20. Rxc8+ Bxc8 21. Rc1 Nc5 22. Qe3 Bxe6 23. dxe6 Ng4 24. Qc3 Nf6 25. Qe3 a5 26. Qc3 Nxe6 27. Qe3 Re8 28. Nxe6 Qxe6 29. Qxe6 Rxe6 30. Rc8+ Kg7 31. Rc7+ Kh6 32. e3 b6 33. Rc6 Nd7 34. Bd5 Rf6 35. Kg2 g5 36. f4 Kg6 37. Kf3 h6 38. Rc7 Nc5 39. Bg8 Rf8 40. Bd5 Nd3 41. Rc6 Rd8 42. Rxb6 Nb4 43. Bb3 g4+ 44. Ke2 Rc8 45. Rxd6+ Kg7 46. Rd7+ Kf6 47. Kd2 a4 48. Bxa4 Nxa2 49. Bb3 Nc1 50. Bc2 Ne2 51. Rd6+ Ke7 52. Rd5 Ng1 53. Re5+ Kd6 54. Rxf5 Nf3+ 55. Kd1 Nxh2 56. Rf6+ Ke7 57. Rxh6 Nf1 58. Bf5 Nxe3+ 59. Ke2 Nxf5 60. Rh7+ Kf6 61. Kd3 Rd8+ 62. Kc3 Re8 63. Rb7 Re3+ 64. Kd2 Rxg3 65. Rb6+ Ke7 66. b4 Rg2+ 67. Ke1 g3 68. Rg6 Kf7 69. Rg5 Kf6 70. b5 Rb2 71. b6 Rxb6 72. Kf1 Rb2 73. Kg1 Ra2 74. Kf1 Rb2 75. Kg1 Nd4 76. Rxg3 Ne2+ 77. Kf1 Nxg3+ 78. Ke1 Kf5 79. Kd1 Kxf4 80. Kc1 Rh2 81. Kb1 Ke4 82. Ka1 Kd4 83. Kb1 Kc4 84. Ka1 Kb4 85. Kb1 Ka4 86. Ka1 Nf5 87. Kb1 Nd6 0-1


[Site "https://www.chess.com"]